 Dungeon Sprint DCSS version 0.27.1 (webtiles) character file.

Game seed: 9151227827043369827

144 styxcanada the Covert (level 5, -4/28 HPs)
             Began as a Spriggan Brigand on Aug 30, 2021.
             Was an Initiate of Gozag.
             Killed from afar by an oklob sapling wizard (11 damage)
             ... with a splash of acid
             ... in the Dungeon (Sprint IV: "Fedhas' Mad Dash").
             The game lasted 00:01:28 (190 turns).

styxcanada the Covert (Spriggan Brigand)             Turns: 190, Time: 00:01:29

Health: -4/28      AC: -1    Str:  7    XL:     5   Next: 5%
Magic:  4/6        EV: 19    Int: 12    God:    Gozag
Gold:   81         SH:  0    Dex: 18    Spells: 4/4 levels left

rFire    . . .     SeeInvis +   a - +2 dagger
rCold    . . .     Faith    .   (shield restricted)
rNeg     . . .     Spirit   .   b - +0 robe
rPois    .         Reflect  .   (helmet restricted)
rElec    .         Harm     .   c - +0 cloak
rCorr    .         Rampage  .   (gloves unavailable)
Will     .....     NoTele   +   (boots unavailable)
Stlth    ++++++....             j - amulet of invisibility {+Inv}
HPRegen  0.09/turn              (no ring)
MPRegen  0.10/turn              (no ring)

@: corroded, very slightly contaminated, invisible, very quick
A: very small, no large weapons, unfitting armour, see invisible, speed 3
a: Renounce Religion, Evoke Invisibility, Potion Petition, Call Merchant, Bribe
Branch


You were in the Dungeon.
You worshipped Gozag.
Gozag was noncommittal.
You visited 1 branch You collected 81 gold pieces.

Inventory:

Hand Weapons
 a - a +2 dagger (weapon)
Missiles
 d - 15 poisoned darts
 e - a curare-tipped dart (quivered)
Armour
 b - a +0 robe (worn)
 c - a +0 cloak (worn)
Jewellery
 j - the amulet of invisibility (around neck) {+Inv}
   (You found it in the Dungeon)

   [amulet of nothing]

   +Inv:      It lets you turn invisible.
Scrolls
 k - a scroll of blinking
Potions
 f - a potion of curing
 g - a potion of heal wounds
 h - a potion of haste
 i - 2 potions of magic


   Skills:
 * Level 3.0 Fighting
 + Level 3.0 Short Blades
 + Level 3.5 Throwing
 * Level 4.6 Dodging
 * Level 13.3 Stealth
 + Level 0.2 Evocations


You had 4 spell levels left.
You didn't know any spells.
Your spell library was empty.

Dungeon Overview and Level Annotations

Branches:
Dungeon (1/1)

Altars:
Cheibriados
Dithmenos
Elyvilon
Gozag
Hepliaklqana
Kikubaaqudgha
Makhleb
Nemelex Xobeh
Okawaru
Qazlal
Ru
Sif Muna
Trog
Uskayaw
Vehumet
Wu Jian
Xom
Yredelemnul
Zin
The Shining One
Beogh
Jiyva
Lugonu

Annotations:
D exclusion: oklob sapling


Innate Abilities, Weirdness & Mutations

You are very small and have problems with some larger weapons.
You are too small for most types of armour.
You have supernaturally acute eyesight. (SInv)
You cover ground extremely quickly. (Speed+++)


Message History

Your Fighting skill increases to level 3!
Your Short Blades skill increases to level 3!
Your Stealth skill increases to level 13!
You have reached level 5!
You feel agile.
You now have 81 gold pieces (gained 27).
There is an iron altar of Okawaru here.
There is a stormy altar of Qazlal here.
You start resting.
You flicker back into view.
You start resting.
Magic restored.
You start waiting.
Your magical contamination has completely faded away.
You fade into invisibility!
You are very lightly contaminated with residual magic.
You open the door.
An oklob sapling wizard comes into view.
Marking area around an oklob sapling as unsafe for travelling.
Found 11 gold pieces and a potion of curing.
There is an open door here.
You hit the oklob sapling wizard but do no damage.
You hit the oklob sapling wizard.
The oklob sapling wizard is moderately damaged.
The oklob sapling wizard spits acid at you.
The splash of acid hits you! The acid corrodes you!
You are splashed with acid!
* * * LOW HITPOINT WARNING * * *
You hit the oklob sapling wizard but do no damage.
The oklob sapling wizard is moderately damaged.
Unknown command.
You hit the oklob sapling wizard but do no damage.
The oklob sapling wizard is moderately damaged.
You hit the oklob sapling wizard but do no damage.
The oklob sapling wizard is moderately damaged.
You hit the oklob sapling wizard but do no damage.
The oklob sapling wizard is moderately damaged.
The oklob sapling wizard spits acid at you.
The splash of acid hits you!
You die...
Your body crumbles into a pile of gold.

##################
#.⌠._._._._.⌠.#.$+$
'.._._._._._..'.P#$
$
#..._._._._...#.@#
$$
#.._._._._._..#.!#
$
#._._._._._.⌠.####
############### $
$$ $


You could see an oklob sapling wizard.

Vanquished Creatures
  A scorpion (D)
  2 oklob saplings (D)
  A river rat (D)
  A rat (D)
5 creatures vanquished.

Vanquished Creatures (others)
  A fungus (D)
1 creature vanquished.

Grand Total: 6 creatures vanquished

Notes
Turn   | Place    | Note
-------+----------+-------------------------------------------
     0 | D        | styxcanada the Spriggan Brigand began the quest for the
                  | Orb.
     0 | D        | Reached XP level 1. HP: 10/10 MP: 2/2
    19 | D        | Reached skill level 7 in Stealth
    19 | D        | Reached XP level 2. HP: 15/15 MP: 3/3
    32 | D        | Reached skill level 8 in Stealth
    48 | D        | Noticed an oklob sapling
    53 | D        | Killed an oklob sapling
    54 | D        | Reached skill level 9 in Stealth
    54 | D        | Reached XP level 3. HP: 18/18 MP: 4/4
    89 | D        | Noticed a scorpion
    89 | D        | Found the amulet of invisibility {+Inv}
    91 | D        | Killed a scorpion
    92 | D        | Reached skill level 12 in Stealth
    92 | D        | Reached XP level 4. HP: 23/23 MP: 5/5
   114 | D        | Found an opulent altar of Gozag.
   114 | D        | Found a hazy altar of Hepliaklqana.
   114 | D        | Found a burning altar of Makhleb.
   114 | D        | Found a sparkling altar of Nemelex Xobeh.
   114 | D        | Found a snail-covered altar of Cheibriados.
   114 | D        | Found a sacrificial altar of Ru.
   114 | D        | Found a shimmering blue altar of Sif Muna.
   114 | D        | Found a shimmering altar of Xom.
   114 | D        | Found a basalt altar of Yredelemnul.
   115 | D        | Found a viscous altar of Jiyva.
   115 | D        | Found a bloodstained altar of Trog.
   115 | D        | Found an ornate altar of the Wu Jian Council.
   116 | D        | Found an iron altar of Okawaru.
   116 | D        | Found a shadowy altar of Dithmenos.
   116 | D        | Found a glowing silver altar of Zin.
   117 | D        | Found an ancient bone altar of Kikubaaqudgha.
   117 | D        | Found a hide-covered altar of Uskayaw.
   118 | D        | Found a stormy altar of Qazlal.
   118 | D        | Found a white marble altar of Elyvilon.
   118 | D        | Found a glowing golden altar of the Shining One.
   119 | D        | Became a worshipper of Gozag Ym Sagoz the Greedy
   120 | D        | Found a corrupted altar of Lugonu.
   120 | D        | Found a radiant altar of Vehumet.
   129 | D        | Reached skill level 13 in Stealth
   129 | D        | Reached XP level 5. HP: 28/28 MP: 4/6
   190 | D        | Killed from afar by an oklob sapling wizard

Illustrated notes

Levels and vault maps discovered:
D:        dungeon_sprint_fedhas [sprint_temple]

Skill      XL: |  1  2  3  4 |
---------------+-------------+-----
Dodging        | 2 3 4 |  4.6
Stealth        | 7 9 12 13 | 13.3
Fighting       | 2 3 |  3.0
Throwing       | 3 |  3.5
Short Blades   | 3 |  3.0
Evocations     | |  0.2

Action                   |  1- 3 |  4- 6 || total
-------------------------+-------+-------++-------
Melee: Dagger            |     8 |    12 ||    20
Throw: Dart              |    10 |       ||    10
 Abil: Evoke Invisibilit |       |     2 ||     2
  Use: Potion            |     1 |       ||     1
 Stab: Sleeping          |     1 |       ||     1
       Invisible         |       |     2 ||     2
Dodge: Dodged            |     8 |     1 ||     9
